 Dungeon Crawl Stone Soup version 0.31-a0-355-g57cb03d3e8 (webtiles) character file.

Game seed: 8187476474071680294

360 Dordric the Ruffian (level 6, -1/29 (33) HPs)
             Began as a Vampire Shapeshifter on July 24, 2023.
             Was an Initiate of Gozag.
             Slain by a wight
             ... wielding a +0 hand axe
              (3 damage)
             ... on level 5 of the Dungeon.
             The game lasted 00:05:59 (3850 turns).

Dordric the Ruffian (Vampire Shapeshifter)          Turns: 3850, Time: 00:06:00

HP:   -1/29 (33)    AC:  7    Str: 16    XL:     6   Next: 38%
MP:   6/6           EV: 12    Int: 10    God:    Gozag
Gold: 453           SH:  0    Dex: 15    Spells: 5/5 levels left

rFire   . .          .
                       - Unarmed
rCold   . . .        (no shield)
rNeg    . . .        m - +0 leather armour
rPois   .            (helmet currently unavailable)
rElec   .            (cloak currently unavailable)
rCorr   .            (gloves currently unavailable)
SInv    +            (boots currently unavailable)
Will    .....        (no amulet)
Stlth   +            e - +4 ring of protection
HPRegen 0.44/turn    (no ring)
MPRegen 0.10/turn

%: no passive effects
@: beast-form, healing quickly, heavily drained
A: beast (slay +3), alive, fangs 3, see invisible, vampiric 2, [frail 2]
a: Exsanguinate, Begin Untransformation, Renounce Religion, Potion Petition,
Call Merchant, Bribe Branch


You were on level 5 of the Dungeon.
You worshipped Gozag.
Gozag was aware of your devotion.
You were a hulking beast.
You visited 1 branch of the dungeon, and saw 5 of its levels.

You collected 728 gold pieces.
You spent 275 gold pieces at shops.

Inventory:

Armour
 a - a +0 animal skin
 f - a +2 pair of boots of rampaging
 m - a +0 leather armour (worn)
Jewellery
 e - a +4 ring of protection (left hand)
Talismans
 c - a beast talisman
Wands
 t - a wand of roots (6)
Scrolls
 d - 2 scrolls of summoning
 g - 2 scrolls of fog
 h - 2 scrolls of immolation
 k - 4 scrolls of teleportation
 l - a scroll of enchant weapon
 n - 2 scrolls of identify
 r - a scroll of fear
 s - a scroll of poison {unknown}
 u - a scroll of blinking {unknown}
Potions
 b - a potion of lignification
 i - 2 potions of berserk rage {unknown}
 j - 3 potions of curing {unknown}
 o - a potion of ambrosia {unknown}
 p - a potion of resistance {unknown}
 q - a potion of heal wounds {unknown}


   Skills:
 - Level 0.8 Fighting
 - Level 2.1 Dodging
 + Level 6.1 Unarmed Combat
 + Level 5.3 Shapeshifting


You had 5 spell levels left.
You didn't know any spells.
Your spell library contained the following spells:

 Spells                   Type           Power      Damage    Failure   Level
 Kiss of Death            Conj/Necr      0%         2d5       43%         1
 Confusing Touch          Hex            0%         N/A       80%         3
 Dazzling Flash           Conj/Hex       0%         N/A       80%         3
 Summon Guardian Golem    Hex/Summ       0%         N/A       80%         3
 Dispel Undead            Necr           0%         3d6       99%         4
 Agony                    Necr           0%         N/A       100%        5
 Silence                  Hex/Air        0%         N/A       100%        5
 Monstrous Menagerie      Summ           0%         N/A       100%        7
 Summon Horrible Things   Summ           0%         N/A       100%        8


Dungeon Overview and Level Annotations

Branches:
Dungeon (5/15)
 Temple: D:4-7

Altars:
Fedhas
Gozag

Shops:
D:3 *


Innate Abilities, Weirdness & Mutations

You are a hulking beast.
Your limbs bulge with bestial killing power. (Slay +3)
Your natural rate of healing is accelerated.
You have razor-sharp teeth.
You have supernaturally acute eyesight. (SInv)
You are afflicted with vampirism and can become a bat while bloodless.
[You are very frail. (-20% HP)]


Message History

Found a trident.
Things that are here:
9 gold pieces; a +0 war axe; a +0 robe A wight comes into view.
It is wielding a +2 scimitar.
Found a book of Vapours.
The wight hits you with a +0 hand axe.
You feel drained.
You hit the wight but do no damage. The wight hits you with a +0 hand axe.
You feel drained.
You hit the wight but do no damage. You punch the wight.
The wight is lightly damaged.
You hit the wight.
The wight is lightly damaged.
The wight hits you with a +0 hand axe.
You hit the wight but do no damage.
The wight is lightly damaged.
The wight hits you with a +2 scimitar! The wight hits you with a +0 hand axe!
* * * LOW HITPOINT WARNING * * *
You feel drained.
* * * LOW HITPOINT WARNING * * *
You are too injured to fight recklessly!
You are too injured to fight recklessly!
You are too injured to fight recklessly!
You are too injured to fight recklessly!
You are too injured to fight recklessly!
You are too injured to fight recklessly!
You are too injured to fight recklessly!
You are too injured to fight recklessly!
You are too injured to fight recklessly!
You are too injured to fight recklessly!
You are too injured to fight recklessly!
You are too injured to fight recklessly!
You are too injured to fight recklessly!
You are too injured to fight recklessly!
You are too injured to fight recklessly!
You are too injured to fight recklessly!
You are too injured to fight recklessly!
The wight attacks as you move away! The wight hits you but does no damage.
The wight hits you with a +0 hand axe.
You die...
Your body crumbles into a pile of gold.

######## #......###
#......<.#######
#......#..##.... ####
#.......#.##.... .....
##########.#.......
.)....#z.................
......zzh..#####.####..<.
:)....####.#####...##....
..... #......##.######
#### ######..........
####.#####. #.# #..
#.####.# #.#.....
#>..##.#


You could see 3 wights.

Vanquished Creatures
  A wight (D:5)
  A jelly (D:4)
  Jessica (D:3)
  An orc wizard (D:5)
  8 gnolls (D:4)
  3 adders
  A worm (D:2)
  6 dart slugs
  12 orcs
  8 endoplasms
  3 giant cockroaches
  10 goblins
  8 hobgoblins
  3 jackals (D:2)
  4 quokkas
  5 ball pythons
  8 bats
  4 frilled lizards
  13 kobolds
  4 rats
104 creatures vanquished.

Notes
Turn   | Place    | Note
-------+----------+-------------------------------------------
     0 | D:1      | Dordric the Vampire Shapeshifter began the quest for the
                  | Orb.
     0 | D:1      | Reached XP level 1. HP: 14/14 MP: 1/1
    29 | D:1      | Got Asmodeus's Elucidation of the Union
   307 | D:1      | Reached XP level 2. HP: 19/20 MP: 2/2
   484 | D:1      | Found a faded altar of an unknown god.
   671 | D:1      | Prayed at the altar of an unknown god.
   671 | D:1      | Became a worshipper of Gozag Ym Sagoz the Greedy
   740 | D:2      | Found a blossoming altar of Fedhas.
   889 | D:2      | Reached skill level 4 in Unarmed Combat
   900 | D:2      | Gained mutation: You are afflicted with vampirism and can
                  | become a bat while bloodless. [Vampire growth]
   900 | D:2      | Reached XP level 3. HP: 25/25 MP: 3/3
  1817 | D:3      | Found Ufamaez's Assorted Antiques.
  1823 | D:3      | Noticed Jessica
  1852 | D:3      | Killed Jessica
  1853 | D:3      | Reached XP level 4. HP: 13/24 MP: 4/4
  2746 | D:3      | Bought a shiny cabochon ring for 110 gold pieces
  2746 | D:3      | Bought a pair of glowing boots for 165 gold pieces
  2925 | D:4      | Reached skill level 5 in Unarmed Combat
  2930 | D:4      | Reached XP level 5. HP: 22/28 MP: 5/5
  3361 | D:4      | Reached skill level 5 in Shapeshifting
  3695 | D:5      | Entered Level 5 of the Dungeon
  3704 | D:5      | Reached XP level 6. HP: 33/33 MP: 6/6
  3830 | D:5      | Reached skill level 6 in Unarmed Combat
  3849 | D:5      | HP: 1/29 [wight/+0 hand axe (4)]
  3850 | D:5      | Slain by a wight

Illustrated notes

Levels and vault maps discovered:
D:1:      minmay_arrival_arboretum_small, layout_loops_ring,
          shapermc_ecumenical_altar_flowoftime
D:2:      layout_rooms, basic_altar, chequers_serial_rivers_micro_b,
          grunt_ministairs_15
D:3:      layout_loops_cross, serial_shops, nicolae_shop_getting_attention,
          uniq_jessica
D:4:      corexii_shantytown, layout_loops_cross, minivault_11
D:5:      layout_rooms, minmay_temple_entry_mist, uniq_pikel

Skill      XL: |  1  2  3  4  5  6 |
---------------+-------------------+-----
Unarmed Combat | 4 5 6 |  6.1
Shapeshifting  | 4 5 |  5.3
Fighting       | |  0.8
Dodging        | |  2.1

Action                     |  1- 3 |  4- 6 || total
---------------------------+-------+-------++-------
  Melee: Unarmed           |   104 |   162 ||   266
         Bite              |     5 |    12 ||    17
         Punch             |     1 |     6 ||     7
Ability: Exsanguinate      |     1 |     1 ||     2
         Revivify          |       |     2 ||     2
         Bat Form          |       |     1 ||     1
    Use: Scroll            |       |    10 ||    10
   Stab: Sleeping          |     1 |     5 ||     6
 Armour: Animal skin       |    14 |       ||    14
         Leather armour    |     8 |    44 ||    52
  Dodge: Dodged            |    56 |    80 ||   136
   Form: Beast             |       |     1 ||     1

Table legend: (Time is in decaauts)
 A = Elapsed time spent in this place.
 B = Non-inter-level travel time spent in this place.
 C = Inter-level travel time spent in this place.
 D = Time resting spent in this place.
 E = Time spent auto-exploring this place.
 F = Levels seen in this place.
 G = Mean time per level.
                   A        B        C        D        E       F      G
               +--------+--------+--------+--------+--------+-----+--------+
         Total |   3804 |   3574 |    230 |    349 |   2604 |   5 |  760.8 |
       Dungeon |   3804 |   3574 |    230 |    349 |   2604 |   5 |  760.8 |
               +--------+--------+--------+--------+--------+-----+--------+

Top non-repeatable levels by time:
     D:3: 1097 daAuts
     D:4: 1012 daAuts
     D:2: 795 daAuts
     D:1: 747 daAuts
     D:5: 151 daAuts
